Map: Catalyst LE

Players

cyan - Winner!

  • Race: Protoss Protoss
  • Spawn Location: 5:00

mLty

  • Race: Terran Terran
  • Spawn Location: 11:00

Event: WCS Austin 2018

VOD

Have the link to the VOD?

Description

Time

  • Played on: June 1, 2018, 1:30 p.m.
  • Length: 3:58

All games in this series

Show
View Real Time Build Order
Export as new Build Order

cyan Protoss - Winner!

Build Orders: 1 Gate Expand, Oracle Opening 

Get SALT Encoding   

  12  0:00  Probe  
  13  0:12  Probe  
  14  0:17  Pylon  
  14  0:24  Probe  
  15  0:32  Probe  
  15  0:36  Gateway  
  15  0:40  Probe  
  16  0:46  Assimilator  
  17  0:51  Probe  
  18  1:03  Probe  
  19  1:15  Probe  
  20  1:24  Nexus  
  20  1:34  Cybernetics Core  
  20  1:38  Probe  
  21  1:43  Assimilator  
  21  1:50  Probe  
  22  1:54  Pylon  
  22  2:02  Probe  
  22  2:03  Adept  
  23  2:14  Probe  
  26  2:19  Stargate  
  26  2:26  Probe  
  26  2:29  Adept  
  27  2:33  Probe  
  29  2:38  Probe  
  29  2:41  Probe  
  31  2:48  Adept  
  32  2:52  Shield Battery  
  32  2:56  Probe  
  35  3:03  Shield Battery  
  35  3:04  Oracle  
  37  3:18  Stalker  
  38  3:37  Gateway  
  38  3:40  Shield Battery  
Show
View Real Time Build Order
Export as new Build Order

mLty Terran 

Build Orders:  

Get SALT Encoding   

  12  0:00  SCV  
  13  0:12  SCV  
  14  0:17  Supply Depot  
  14  0:25  SCV  
  15  0:31  Refinery  
  15  0:39  SCV  
  16  0:44  Barracks  
  16  0:51  SCV  
  17  1:05  Barracks  
  17  1:24  Barracks  
  17  1:32  Barracks Reactor  
  17  1:51  Barracks Tech Lab  
  16  2:03  Supply Depot  
  16  2:12  Concussive Shells  
  16  2:13  Marauder, Barracks Tech Lab  
  16  2:15  Marine x2  
  20  2:33  Marine  
  20  2:35  Marauder  
  23  2:42  Marauder  
  23  2:44  Marine  
  26  2:52  SCV  
  26  2:54  Marine  
  28  3:05  Marauder  
  30  3:10  Marine  
  29  3:28  Marauder  
  29  3:29  Marine  
  30  3:34  Marauder  
  28  3:41  SCV  
Tags
 
Add a new tag
Caveats
  • Supply blocks, unpowered buildings, or Contaminate may cause inaccurate times.
  • Supply counts are checked every 10 seconds.